omghax, neutral male scurrid Tourist ------ ..... <.... ..... .... . -- ... ---..--- --- .---(..- |........--..--........ -- -....................-- .| |.......................-- |`../....................... |..........(.........!..- -............@......(- `.. --. --.......*| -- -- .--- ..-- -- omghax the Rambler Experience level: 1 Strength: 11 Dexterity: 11 Constitution: 14 Intelligence: 14 Wisdom: 10 Charisma: 15 Health: 0(9) Energy: 2(2) Def: 0 Gold: 659 Moves: 35 Dungeon seed: bzwcpuwErTMiRSGW Game ID: omghax_1498611159 Your Inventory: Coins $ - 659 gold pieces Weapons a - 43 uncursed +2 darts (in quiver) Armor e - an uncursed +0 Hawaiian shirt (being worn) Comestibles b - 2 uncursed tripe rations c - 6 uncursed food rations d - an uncursed tin of sewer rat meat f - an uncursed tin of lichen Scrolls h - 4 uncursed scrolls of magic mapping Potions g - 2 uncursed potions of extra healing Wands k - an uncursed wand of secret door detection (0:15) Tools i - an uncursed expensive camera (0:89) j - an uncursed credit card l - an uncursed tin opener Spells and supernatural/magical abilities: Name Level Category Fail Memory W - pray for help -- divine ? -- Your skills at the end: Miscellaneous Skills wands [Basic] Weapon Skills dart [Basic] Spellcasting Skills Final Attributes: You were devoutly aligned. You had infravision. You were very stealthy. You are dead. Voluntary challenges: You went without food. You did not adorn yourself with jewelry or accessories. You did not cause conflict. You were not invisible. You did not have reflection. You were not displaced. You were an atheist. You never hit with a wielded weapon. You were a pacifist. You did not use tools. You did not use plumbed fixtures. You did not drink any magical draughts. You were illiterate. You never genocided any monsters. You never polymorphed an object. You never changed form. You used no wishes. You never split a pudding. You never wrote Elbereth's name. You never violated your personal moral code. Dungeon overview: The Dungeons of Doom: levels 1 to 14 Level 1 a long staircase Level 2 Level 3 Level 4 Level 5 Level 6 Level 7 Level 8 a fountain Level 9 Level 10 Level 11 Level 12 Level 13 a general store Level 14 <- You were here History has recorded: On T:1 you entered the Dungeons of Doom to retrieve the Amulet of Yendor! On T:5 you reached level 2 of The Dungeons of Doom. On T:7 you reached level 3 of The Dungeons of Doom. On T:10 you reached level 4 of The Dungeons of Doom. On T:12 you reached level 5 of The Dungeons of Doom. On T:14 you reached level 6 of The Dungeons of Doom. On T:16 you reached level 7 of The Dungeons of Doom. On T:19 you reached level 8 of The Dungeons of Doom. On T:21 you reached level 9 of The Dungeons of Doom. On T:23 you reached level 10 of The Dungeons of Doom. On T:27 you reached level 11 of The Dungeons of Doom. On T:29 you reached level 12 of The Dungeons of Doom. On T:31 you reached level 13 of The Dungeons of Doom. Score breakdown: Gold: 0 ( 0 points) Experience: 1 level ( 0 points) Exploration: 14 levels ( 390 points) Discoveries: 0 items ( 0 points) Variety of kills: 0 monsters ( 0 points) Major goal: (nothing yet) ( 0 points) Survival: died (score multiplied by 3) Total score: 1170 Latest messages: You fall through... "Aloha, omghax! Welcome to Chibougamau's general store!" You see here a key (18 zorkmids). You start digging downward. "Be careful, sir, or you might fall through the floor." You continue digging downward. You dig a pit in the floor. You continue digging downward. You dig a hole through the floor. You fall through... The adjacent object falls through the hole. You owe Chibougamau 18 zorkmids for goods lost. You escaped the shop without paying! You stole 18 zorkmids worth of merchandise. An alarm sounds! The Keystone Kops are after you! Chibougamau zaps himself with a glass wand! You start digging downward. You continue digging downward. You dig a pit in the floor. You hear a nearby zap. The wand hits you! You die... Final status: Aloha omghax the Tourist, killed by a force bolt... You died in The Dungeons of Doom on dungeon level 14 with 1170 points, and 659 pieces of gold, after 35 moves. You were level 1 with a maximum of 9 hit points when you died.